 Dungeon Crawl Stone Soup version 0.23.2-1-ga50397a (webtiles) character file.

Game seed: 7858973156755219015

30 Lickle the Skirmisher (level 3, -2/29 HPs)
             Began as a Demonspawn Abyssal Knight on Apr 29, 2019.
             Was a Follower of Lugonu.
             Killed by nerve-wracking pain
             ... invoked by an orc priest
              (7 damage)
             ... on level 3 of the Dungeon.
             The game lasted 00:06:09 (1364 turns).

Lickle the Skirmisher (Demonspawn Abyssal Knight)   Turns: 1364, Time: 00:06:11

Health: -2/29      AC: 11    Str: 13    XL:     3   Next: 5%
Magic:  5/5        EV:  6    Int: 13    God:    Lugonu [*.....]
Gold:   88         SH:  0    Dex: 12    Spells: 2/2 levels left

rFire    . . .     SeeInvis .   a - +1 falchion
rCold    + + .     Gourm    .   (no shield)
rNeg     . . .     Faith    .   g - +3 chain mail {rC+}
rPois    .         Spirit   .   (no helmet)
rElec    .         Reflect  .   (no cloak)
rCorr    .         Harm     .   (no gloves)
MR       .....                  (no boots)
Stlth    ..........             b - amulet of rage
HPRegen  0.09/turn              h - ring of protection from cold
MPRegen  0.09/turn              (no ring)

@: no status effects
A: rot immunity
a: Depart the Abyss, Renounce Religion, Evoke Berserk Rage


You were on level 3 of the Dungeon.
You worshipped Lugonu.
Lugonu was aware of your devotion.
You were not hungry.

You visited 1 branch of the dungeon, and saw 3 of its levels.
You visited the Abyss 1 time.

You collected 88 gold pieces.

Inventory:

Hand Weapons
 a - a +1 falchion (weapon)
Armour
 e - a +0 ring mail of cold resistance
 g - a +3 chain mail of cold resistance (worn)
Jewellery
 b - an amulet of rage (around neck)
 d - an uncursed amulet of faith
 h - a ring of protection from cold (left hand)
Comestibles
 c - a ration


   Skills:
 + Level 3.2 Fighting
 + Level 2.1 Long Blades
 + Level 2.1 Armour
 + Level 1.4 Dodging
 + Level 3.0 Invocations


You had 2 spell levels left.
You didn't know any spells.
Your spell library was empty.

Dungeon Overview and Level Annotations

Branches:
Dungeon (3/15)

Altars:


Innate Abilities, Weirdness & Mutations

You are immune to rotting.


Message History

* * * LOW HITPOINT WARNING * * *
You climb downwards.
There is a stone staircase leading up here.
You aren't carrying any potions.
You aren't carrying any scrolls.
You hit the orc.
The orc is moderately wounded.
The orc priest calls upon Beogh to heal the orc.
The orc's wounds heal themselves!
The orc hits you but does no damage.
You hit the orc.
The orc is heavily wounded.
The orc barely misses you.
You hit the orc.
The orc is almost dead.
The orc barely misses you.
You riposte.
You hit the orc.
You kill the orc!
Lugonu accepts your kill.
The orc priest calls down the wrath of Beogh upon you.
Pain shoots through your body!
You die...

###
#@#
#)#
#o#
#.#
#.#
#.#
#.#
#.#


You could see an orc priest.

Vanquished Creatures
  A dart slug (D:1)
  2 orcs
  A giant cockroach (D:1)
  4 goblins
  4 hobgoblins
  4 jackals (D:1)
  A quokka (D:2)
  2 frilled lizards
  3 kobolds
  A rat (D:1)
23 creatures vanquished.

Notes
Turn   | Place    | Note
-------+----------+-------------------------------------------
     0 | Abyss:1  | Lickle the Demonspawn Abyssal Knight began the quest for
                  | the Orb.
     0 | Abyss:1  | Reached XP level 1. HP: 18/18 MP: 2/2
     0 | Abyss:1  | Found a shimmering altar of Xom.
    59 | Abyss:1  | Found a corrupted altar of Lugonu.
    62 | Abyss:1  | Noticed a spatial vortex
    62 | Abyss:1  | Noticed a spatial vortex
    64 | Abyss:1  | Noticed a jelly
    67 | Abyss:1  | Noticed a spatial vortex
    76 | Abyss:1  | Noticed an ancient zyme
    76 | Abyss:1  | Noticed a quasit
    86 | Abyss:1  | Noticed a small abomination
    88 | D:1      | Escaped the Abyss
   146 | D:1      | Reached skill level 1 in Dodging
   404 | D:1      | Reached * piety under Lugonu
   404 | D:1      | Gained mutation: You are immune to rotting. [demonic
                  | ancestry]
   404 | D:1      | Reached XP level 2. HP: 18/24 MP: 4/4
  1357 | D:2      | Reached XP level 3. HP: 29/29 MP: 5/5
  1364 | D:3      | Killed from afar by an orc priest

Skill      XL: |  1  2 |
---------------+-------+-----
Dodging        | 1 |  1.4
Long Blades    | 2 |  2.1
Armour         | 2 |  2.1
Invocations    | 3 |  3.0
Fighting       | |  3.2

Action                   || total
-------------------------++-------
Melee: Falchion          ||    61
Invok: Depart the Abyss  ||     1
  Use: Scroll            ||     4
       Potion            ||     3
  Eat: Ration            ||     1
Armor: Leather armour    ||    13
       Chain mail        ||     8
Dodge: Dodged            ||    34
       Rpst.: Falchion   ||     9
